 Dungeon Crawl Stone Soup version bcrawl-1.37.2 (webtiles) character file.

Game seed: 511106324868574147

372128 Mehrunes the Cleaver (level 12, -7/99 HPs)
             Began as a Formicid Fighter on Nov 17, 2022.
             Was a High Priest of Okawaru.
             Mangled by a skeletal warrior
             ... wielding a +4 glaive
             ... led by a skeletal warrior
              (23 damage)
             ... on level 10 of the Dungeon.
             The game lasted 00:22:04 (10315 turns).

Mehrunes the Cleaver (Formicid Fighter)            Turns: 10315, Time: 00:22:04

Health: -7/99      AC: 14    Str: 28    XL:     12   Next: 2%
Magic:  13/15      EV: 14    Int:  9    God:    Okawaru [*****.]
Gold:   557        SH: 14    Dex:  7    Spells: 11/11 levels left

rFire    + . .     GDR:     27% n - +0 battleaxe
rCold    . . .     SeeInvis +   c - +0 medium shield
rNeg     + . .     Gourm    +   F - +0 chain mail
rPois    .         Faith    .   (helmet unavailable)
rElec    .         Spirit   .   (no cloak)
rCorr    .         Reflect  .   (no gloves)
MR       +....                  o - +2 pair of boots of the Distant Future {rN+ Str+4 Dex-4}
Stlth    ..........             u - amulet of the gourmand
HPRegen  0.26/turn              z - ring of protection from fire
MPRegen  0.14/turn              I - +5 ring of evasion

@: heroism
A: permanent stasis, dig shafts and tunnels, four strong arms, antennae 3
a: Dig, Shaft Self, Heroism, Finesse, Renounce Religion


You were on level 10 of the Dungeon.
You worshipped Okawaru.
Okawaru was extremely pleased with you.
You were very full.

You visited 2 branches of the dungeon, and saw 11 of its levels.

You collected 557 gold pieces.

Inventory:

Hand Weapons
 d - a cursed +0 giant spiked club
 n - a +0 battleaxe (weapon)
 x - a +0 mace of protection
 B - a +2 hand axe of electrocution
Missiles
 v - a throwing net {=f}
Armour
 b - a +1 large shield of poison resistance
 c - a +0 medium shield (worn)
 o - the +2 pair of boots of the Distant Future (worn) {rN+ Str+4 Dex-4}
   (Okawaru gifted it to you on level 10 of the Dungeon)

   It affects your strength (+4).
   It affects your dexterity (-4).
   It protects you from negative energy.
 F - a +0 chain mail (worn)
Jewellery
 u - an amulet of the gourmand (around neck)
 z - a ring of protection from fire (left hand)
 I - a +5 ring of evasion (right hand)
Wands
 H - a wand of acid (6)
 J - a wand of polymorph (10)
Scrolls
 a - a scroll of immolation
 g - 4 scrolls of fog
 i - a scroll of fear
 m - 2 scrolls of noise
 r - 3 scrolls of teleportation
 y - 6 scrolls of remove curse
 C - 2 scrolls of enchant weapon
Potions
 f - 6 potions of curing
 h - a potion of mutation
 j - 3 potions of cancellation
 k - 2 potions of degeneration
 l - 3 potions of lignification {unknown}
 p - a potion of brilliance {unknown}
 q - a potion of flight {unknown}
 s - a potion of berserk rage {unknown}
 A - a potion of magic {unknown}
 E - 3 potions of heal wounds {unknown}
 G - 3 potions of agility {unknown}
Comestibles
 e - 12 rations {!d}
 t - a chunk of flesh


   Skills:
 + Level 10.6(15.6) Fighting
 * Level 12.2(17.2) Axes
 - Level 3.2(8.2) Armour
 + Level 11.0(16.0) Shields
 - Level 5.0 Invocations


You had 11 spell levels left.
You didn't know any spells.
Your spell library contained the following spells:

 Spells                   Type           Power        Failure   Level  Hunger
 Infusion                 Chrm           #.......     99%         1    None
 Magic Dart               Conj           #...         99%         1    None
 Necrotize                Necr           #.....       99%         1    None
 Call Imp                 Summ           #.....       99%         2    ####...
 Song of Slaying          Chrm           #.......     99%         2    ####...
 Swiftness                Chrm/Air       #.......     99%         2    ####...
 Conjure Flame            Conj/Fire      #.......     100%        3    #####..
 Mephitic Cloud           Conj/Pois/Air  #.......     100%        3    #####..
 Ozocubu's Armour         Chrm/Ice       #.......     100%        3    #####..
 Regeneration             Chrm/Necr      #.........   100%        3    #####..
 Spectral Weapon          Hex/Chrm       #.......     100%        3    #####..
 Spider Form              Tmut/Pois      #..          100%        3    #####..
 Vampiric Draining        Necr           #.........   100%        3    #####..
 Agony                    Necr           #.......     100%        4    ######.
 Animate Dead             Necr           N/A          100%        4    ######.
 Dispel Undead            Necr           #.......     100%        5    #######
 Blink                    Tloc           Unusable     N/A         2    N/A

Dungeon Overview and Level Annotations

Branches:
Dungeon (10/12)            Temple (1/1) D:4            Lair (0/6) D:9
    Orc: D:8-11

Altars:
Ashenzari
Cheibriados
Dithmenos
Elyvilon
Fedhas
Gozag
Hepliaklqana
Kikubaaqudgha
Lugonu
Makhleb
Nemelex Xobeh
Okawaru
Qazlal
Ru
Sif Muna
Trog
Uskayaw
Vehumet
Wu Jian
Xom
Yredelemnul
Zin
The Shining One

Shops:
D:9 ?

Annotations:
D:3 1 runed translucent door, yrara's ghost, amateur DsFi
D:4 1 runed door
D:6 1 exclusion


Innate Abilities, Weirdness & Mutations

You cannot be hasted, slowed, berserked, paralysed or teleported.
You can dig through walls and to a lower floor.
Your four strong arms can wield two-handed weapons with a shield.
You have a pair of large antennae on your head. (SInv)


Message History

The skeletal warrior is severely damaged.
You slice the skeletal warrior!!
You destroy the skeletal warrior!
Okawaru accepts your kill.
Your Shields skill increases to level 11!
You have reached level 12!
Your experience leads to an increase in your attributes!
Your base attributes are Str 23, Int 9, Dex 10.
Increase (S)trength, (I)ntelligence, or (D)exterity?
You feel agile.
You feel stronger.
A red ugly thing comes into view.
The red ugly thing gurgles horribly!
The red ugly thing closely misses you. You block the red ugly thing's attack.
You gain the combat prowess of a mighty hero.
The red ugly thing tentacle-slaps you!
You are engulfed in flames!
You resist.
The skeletal warrior hits you with a +0 war axe!!
* * * LOW HITPOINT WARNING * * *
The skeletal warrior hits you from afar with a +4 glaive!!
You die...

#.###################
#.# #.# #.# #.# #.
#.###################
#...@uz...........(..
#....z...............
#..#############.####
#.. ##)## #. ##.## #.
######.# # .........
#######.. #..


You could see a red ugly thing and 2 skeletal warriors.

Vanquished Creatures
  A two-headed ogre (D:9)
  A skeletal warrior (D:10)
  A wolf spider zombie (D:9)
  An ugly thing (D:10)
  An eye of draining (D:8)
  A tengu conjurer (D:9)
  A meliai (shapeshifter) (D:8)
  Prince Ribbit (D:6)
  3 hippogriffs
  8 slime creatures
  A shadow (D:10)
  6 yaks
  2 hungry ghosts
  A steam dragon (D:9)
  A crocodile (D:9)
  2 acid dragons
  3 porcupines (D:9)
  An orc warrior (D:4)
  A water moccasin (D:9)
  3 black bears
  An ice beast (D:6)
  2 sky beasts (D:8)
  A phantom (D:4)
  5 ogres
  7 bullfrogs
  2 centaurs
  A wyvern skeleton (D:7)
  6 scorpions
  10 killer bees (D:9)
  3 wights (D:6)
  A howler monkey (D:6)
  4 orc priests
  A crimson imp (D:6)
  A jelly (D:9)
  2 quasits
  4 hounds
  2 gnoll shamans
  2 orc wizards
  A bullfrog skeleton (D:6)
  2 iguanas
  7 worker ants
  2 hound zombies
  3 hound skeletons
  A howler monkey zombie (D:9)
  A worker ant zombie (D:6)
  12 gnolls
  8 adders
  2 shadow imps
  An adder skeleton (D:7)
  4 worms
  2 dart slugs
  5 leopard geckos
  27 orcs
  5 giant cockroaches
  10 goblins
  6 hobgoblins
  14 jackals
  4 quokkas
  5 bats
  A frilled lizard (D:2)
  A jackal skeleton (D:7)
  4 kobolds
  3 rats
  A fungus (D:9)
  A plant (D:9)
228 creatures vanquished.

Vanquished Creatures (others)
  A wizard (D:3)
  24 fungi (D:9)
  3 plants (D:9)
28 creatures vanquished.

Grand Total: 256 creatures vanquished

Notes
Turn   | Place    | Note
-------+----------+-------------------------------------------
     0 | D:1      | Mehrunes the Formicid Fighter began the quest for the Orb.
     0 | D:1      | Reached XP level 1. HP: 18/18 MP: 1/1
   274 | D:1      | Reached XP level 2. HP: 20/24 MP: 2/2
   963 | D:2      | Reached XP level 3. HP: 20/30 MP: 3/3
  1018 | D:2      | Found a burning altar of Makhleb.
  1025 | D:2      | Reached skill level 3 in Axes
  1025 | D:2      | Reached XP level 4. HP: 37/37 MP: 4/4
  1794 | D:3      | Noticed a phantom
  2068 | D:3      | Reached XP level 5. HP: 41/43 MP: 5/5
  2276 | D:3      | Found a runed translucent door.
  2287 | D:3      | Noticed yrara's ghost (amateur DsFi)
  2355 | D:3      | Found a stormy altar of Qazlal.
  2356 | D:3      | Found a glowing silver altar of Zin.
  2401 | D:3      | Found a bloodstained altar of Trog.
  2402 | D:3      | Noticed a wizard
  2407 | D:3      | Killed a wizard
  2525 | D:4      | Found a staircase to the Ecumenical Temple.
  2530 | Temple   | Entered the Ecumenical Temple
  2757 | Temple   | Became a worshipper of Warmaster Okawaru
  2805 | D:4      | Reached skill level 5 in Fighting
  2812 | D:4      | Noticed an ogre
  2821 | D:4      | Killed an ogre
  2822 | D:4      | Reached skill level 4 in Axes
  2822 | D:4      | Reached XP level 6. HP: 30/51 MP: 6/6
  3037 | D:4      | Noticed an orc warrior
  3335 | D:4      | Noticed a phantom
  3356 | D:4      | Killed a phantom
  3356 | D:4      | Reached * piety under Okawaru
  3357 | D:4      | Reached skill level 5 in Shields
  3357 | D:4      | Reached XP level 7. HP: 36/57 MP: 7/7
  3536 | D:4      | Found a runed door.
  3837 | D:4      | Reached skill level 5 in Axes
  3998 | D:5      | Entered Level 5 of the Dungeon
  4847 | D:6      | Reached XP level 8. HP: 65/65 MP: 8/8
  4856 | D:6      | Reached ** piety under Okawaru
  4914 | D:6      | Reached skill level 6 in Axes
  4928 | D:6      | Noticed Prince Ribbit
  5018 | D:6      | Reached skill level 1 in Invocations
  5476 | D:6      | Killed Prince Ribbit
  5477 | D:6      | Reached skill level 7 in Axes
  5477 | D:6      | Reached XP level 9. HP: 20/72 MP: 8/11
  5658 | D:6      | Reached *** piety under Okawaru
  5871 | D:6      | Found an iron altar of Okawaru.
  6155 | D:7      | Reached skill level 8 in Axes
  6275 | D:7      | Noticed a hippogriff
  6285 | D:7      | Killed a hippogriff
  6756 | D:7      | Reached **** piety under Okawaru
  7171 | D:8      | Reached XP level 10. HP: 79/80 MP: 13/13
  7175 | D:8      | Reached skill level 5 in Invocations
  7245 | D:8      | Noticed an eye of draining
  7255 | D:8      | Killed an eye of draining
  7256 | D:8      | Reached skill level 9 in Axes
  7358 | D:8      | Noticed a rakshasa
  7373 | D:9      | Reached ***** piety under Okawaru
  7455 | D:9      | Reached skill level 10 in Axes
  7812 | D:9      | Reached XP level 11. HP: 76/89 MP: 14/14
  7813 | D:9      | Noticed a two-headed ogre
  7833 | D:9      | Killed a two-headed ogre
  7979 | D:9      | Reached skill level 11 in Axes
  7979 | D:9      | Reached skill level 10 in Shields
  8129 | D:9      | Reached skill level 10 in Fighting
  8169 | D:9      | Found a blossoming altar of Fedhas.
  8215 | D:9      | Found Etzuidui's Magic Scroll Boutique.
  8882 | D:8      | Noticed an eight-headed hydra
  9037 | D:9      | Found a staircase to the Lair.
  9202 | D:10     | Entered Level 10 of the Dungeon
  9213 | D:10     | Identified a scroll of acquirement
  9213 | D:10     | Identified the +6 morningstar of Leok {drain, rC++} (You
                  | acquired it on level 10 of the Dungeon)
  9213 | D:10     | Identified the ring of Yntagyomm {Fire rPois} (You acquired
                  | it on level 10 of the Dungeon)
  9347 | D:10     | Noticed a white ugly thing
  9357 | D:10     | Killed a white ugly thing
  9448 | D:10     | Received a gift from Okawaru
  9662 | D:10     | Got a pair of steaming boots {god gift}
  9681 | D:9      | Identified the +2 pair of boots of the Distant Future {rN+
                  | Str+4 Dex-4} (Okawaru gifted it to you on level 10 of the
                  | Dungeon)
  9903 | D:10     | Noticed a skeletal warrior
  9903 | D:10     | Noticed a skeletal warrior
  9903 | D:10     | Noticed a skeletal warrior
  9903 | D:10     | Noticed a skeletal warrior
 10216 | D:10     | Reached skill level 12 in Axes
 10302 | D:10     | Killed a skeletal warrior
 10303 | D:10     | Reached XP level 12. HP: 60/99 MP: 15/15
 10315 | D:10     | Mangled by a skeletal warrior

Skill      XL: |  1  2  3  4  5  6  7  8  9 10 11 |
---------------+----------------------------------+-----
Fighting       | 4 5 6 7 8 9 10 | 10.6
Axes           | 3 4 5 7 8 10 12 | 12.2
Shields        | 4 5 6 8 9 11 | 11.0
Invocations    | 2 4 5 |  5.0
Armour         | |  3.2

Action                   |  1- 3 |  4- 6 |  7- 9 | 10-12 || total
-------------------------+-------+-------+-------+-------++-------
Melee: War axe           |    42 |   186 |    23 |       ||   251
       Battleaxe         |       |       |    77 |   198 ||   275
       Hand axe          |       |       |   213 |   195 ||   408
Invok: Heroism           |       |       |     5 |    12 ||    17
       Finesse           |       |       |       |     1 ||     1
 Abil: Dig               |       |     2 |       |     3 ||     5
  Use: Scroll            |       |     4 |       |    11 ||    15
       Potion            |       |     2 |     1 |       ||     3
  Eat: Chunk             |     2 |    12 |    28 |    33 ||    75
       Ration            |       |       |     1 |     2 ||     3
Armor: Scale mail        |    26 |    76 |    75 |    35 ||   212
       Chain mail        |       |       |       |    35 ||    35
Dodge: Dodged            |    27 |    69 |    84 |   156 ||   336
Block: Medium shield     |     3 |    87 |   148 |   198 ||   436
       Large shield      |       |       |       |    55 ||    55
